[Event "Titled Tuesday Blitz June 15 2021"]
[White "Tabatabaei, M. Amin"]
[Black "Morefield, Jason"]
[WhiteFideId "12521213"]
[BlackFideId "30920825"]
[WhiteElo "2555"]
[BlackElo "2171"]
[Result "1-0"]
[Round "03"]
[TimeControl "180+1"]
[Date "2021.06.15"]
[WhiteClock "0:02:15"]
[BlackClock "0:01:23"]

1. d4 d5 2. Nf3 Nf6 3. Bf4 c5 4. e3 Nc6 5. Nbd2 Qb6 6. dxc5 Qxb2 7. Rb1 Qc3 8. Bb5 g6 9. e4 dxe4 10. Be5 Qxc5 11. Bxf6 exf6 12. Nxe4 Qe7 13. O-O Be6 14. Nd4 Rc8 15. Re1 f5 16. Nxc6 bxc6 17. Bxc6+ Rxc6 18. Rb8+ Bc8 19. Rxc8+ Rxc8 20. Nf6# 1-0


[Site "https://www.chess.com"]

[Event "Titled Tuesday Blitz June 15 2021"]
[White "Tejedor Fuente, Enrique"]
[Black "Eljanov, Pavel"]
[WhiteFideId "2299100"]
[BlackFideId "14102951"]
[WhiteElo "2535"]
[BlackElo "2602"]
[Result "1/2-1/2"]
[Round "03"]
[TimeControl "180+1"]
[Date "2021.06.15"]
[WhiteClock "0:00:02"]
[BlackClock "0:00:23"]

1. e3 d5 2. c4 e6 3. b3 Nf6 4. g4 c5 5. Bg2 Nc6 6. g5 Ng8 7. h4 h6 8. f4 Nge7 9. Nc3 d4 10. Ne4 Nf5 11. Nf3 b6 12. exd4 cxd4 13. a3 Bb7 14. d3 Qc7 15. Qe2 a5 16. Bd2 O-O-O 17. O-O hxg5 18. hxg5 Bd6 19. Nxd6+ Qxd6 20. Qe1 Ne3 21. Bxe3 dxe3 22. Qxe3 Qc5 23. Qxc5 bxc5 24. Rad1 Nd4 25. Nxd4 Rxd4 26. Bxb7+ Kxb7 27. Kg2 Kc6 28. Kf3 Rb8 29. Ke3 Rxb3 30. Rh1 g6 31. Rh7 Rd7 32. a4 Ra3 33. Ke4 Rxa4 34. Ke5 Ra2 35. Rf1 a4 36. Kf6 a3 37. Rxf7 Rxf7+ 38. Kxf7 Rd2 39. Kxg6 Rxd3 40. Kf7 a2 41. Ra1 Rd4 42. Kxe6 Rxf4 43. Rxa2 Rxc4 44. Rg2 Re4+ 45. Kf5 Re8 46. g6 c4 47. g7 Rg8 48. Kf6 Kd5 49. Kf7 Ra8 50. g8=Q Rxg8 51. Kxg8 c3 52. Kf7 Kd4 53. Ke6 Kd3 54. Kd5 c2 55. Rg3+ Kd2 56. Rg2+ Kc3 57. Rg1 Kd2 58. Rg2+ Kd3 59. Rg1 Kd2 60. Kd4 c1=Q 61. Rg2+ Ke1 62. Rg1+ Kd2 63. Rg2+ Ke1 64. Rg1+ Kd2 1/2-1/2


[Site "https://www.chess.com"]

[Event "Titled Tuesday Blitz June 15 2021"]
[White "Terry, Renato"]
[Black "Caputcuoglu, Zeki Berke"]
[WhiteFideId "3803457"]
[BlackFideId "34548610"]
[WhiteElo "2581"]
[BlackElo "1368"]
[Result "1-0"]
[Round "03"]
[TimeControl "180+1"]
[Date "2021.06.15"]
[WhiteClock "0:00:11"]
[BlackClock "0:00:02"]

1. e4 e5 2. Nf3 Nc6 3. c3 Nf6 4. d4 Nxe4 5. d5 Bc5 6. dxc6 Bxf2+ 7. Ke2 Bb6 8. Qd5 Nf2 9. Rg1 bxc6 10. Qxe5+ Kf8 11. Nd4 Ng4 12. Qf4 d6 13. Kd1 c5 14. Nf5 Qf6 15. Bd3 c4 16. Qxg4 Bxg1 17. Bc2 h5 18. Qf3 Rb8 19. Nd2 g6 20. Ne3 Qxf3+ 21. Nxf3 Bxe3 22. Bxe3 Bg4 23. b3 cxb3 24. axb3 Kg7 25. Bd4+ f6 26. Rxa7 Rhc8 27. Kd2 Ra8 28. Rb7 Ra2 29. Kc1 Ra1+ 30. Kb2 Rh1 31. Bb6 Bxf3 32. gxf3 Rxh2 33. Bxc7 Kh6 34. Bxd6 g5 35. Rh7# 1-0


[Site "https://www.chess.com"]

[Event "Titled Tuesday Blitz June 15 2021"]
[White "Tomb, Maroun"]
[Black "Balakrishnan, Praveen"]
[WhiteFideId "5300398"]
[BlackFideId "2064871"]
[WhiteElo "2543"]
[BlackElo "2237"]
[Result "0-1"]
[Round "03"]
[TimeControl "180+1"]
[Date "2021.06.15"]
[WhiteClock "0:00:12"]
[BlackClock "0:00:15"]

1. e4 g6 2. Nc3 Bg7 3. Nge2 d6 4. g3 c5 5. d4 cxd4 6. Nxd4 Nc6 7. Nde2 Bg4 8. Bg2 Nd4 9. h3 Bf3 10. O-O Nxe2+ 11. Nxe2 Bxg2 12. Kxg2 Nf6 13. Nc3 O-O 14. Be3 b5 15. a3 Qd7 16. Bd4 Rac8 17. Qd3 a6 18. Rad1 Qb7 19. Kh2 Rc4 20. Kg1 Rfc8 21. Rfe1 h5 22. Re2 Qd7 23. Kg2 Qb7 24. Kg1 Qd7 25. Kg2 Qe6 26. e5 dxe5 27. Bxe5 Qc6+ 28. Qf3 Qxf3+ 29. Kxf3 a5 30. Nxb5 Rxc2 31. Rxc2 Rxc2 32. Rd8+ Kh7 33. Bc3 a4 34. Nd4 Rc1 35. Nc6 e6 36. Ra8 Nd5 37. Bxg7 Kxg7 38. Rxa4 Rxc6 39. b4 Rc3+ 40. Ke4 Rc2 41. f4 Rh2 42. Ra7 Rxh3 43. b5 Rxg3 44. a4 Rb3 45. Kd4 Rb4+ 46. Kc5 Rxf4 47. a5 Rf1 48. b6 Rc1+ 49. Kd6 Rb1 50. Kc5 h4 51. Rd7 h3 52. Rxd5 exd5 53. a6 h2 54. a7 h1=Q 55. a8=Q Qc1+ 56. Kd6 Rxb6+ 57. Kd7 Qc6+ 0-1


[Site "https://www.chess.com"]

[Event "Titled Tuesday Blitz June 15 2021"]
[White "Toncheva, Nadya"]
[Black "Rustemov, Alexander"]
[WhiteFideId "2924056"]
[BlackFideId "4119002"]
[WhiteElo "1920"]
[BlackElo "2735"]
[Result "1-0"]
[Round "03"]
[TimeControl "180+1"]
[Date "2021.06.15"]
[WhiteClock "0:00:07"]
[BlackClock "0:00:03"]

1. e4 e6 2. d4 d5 3. Nd2 c5 4. exd5 Qxd5 5. Ngf3 cxd4 6. Bc4 Qd7 7. Nb3 Bb4+ 8. Bd2 Bxd2+ 9. Qxd2 Nf6 10. Nbxd4 O-O 11. O-O-O Nc6 12. Kb1 Nxd4 13. Nxd4 Qc7 14. Bd3 Bd7 15. g4 Rad8 16. g5 Nd5 17. h4 Nf4 18. Qe3 e5 19. Nf3 Bg4 20. Nxe5 Bxd1 21. Qxf4 Bh5 22. Qe4 Bg6 23. Nxg6 hxg6 24. h5 Qc6 25. Qh4 Rd4 26. Qh3 Rxd3 27. cxd3 Rc8 28. a3 Qc2+ 29. Ka1 Re8 30. h6 Re2 31. Rb1 Rd2 32. h7+ Kh8 33. Qd7 Rd1 34. Qe8+ Kxh7 35. Rxd1 Qxd1+ 36. Ka2 Qf3 37. Qe4 Qd1 38. Qh4+ Kg8 39. Qe4 Qd2 40. Qe8+ Kh7 41. Qxf7 Qxd3 42. Qf4 Qd5+ 43. Kb1 b6 44. Qh2+ Kg8 45. Qb8+ Kh7 46. Qh2+ Kg8 47. Qb8+ Kf7 48. Qxa7+ Kg8 49. Qxb6 Qxg5 50. Qb8+ Kh7 51. Qh2+ Kg8 52. Qc7 Kh7 53. Qc2 Qf4 54. a4 Kh6 55. Qc1 Kg5 56. Qxf4+ Kxf4 57. a5 Kf3 58. a6 Kxf2 59. a7 g5 60. a8=Q g4 61. Qf8+ Kg1 62. Qxg7 g3 63. Qxg3+ Kf1 64. Qh2 Ke1 65. Kc2 Kf1 66. Kd3 Ke1 67. Qe2# 1-0


[Site "https://www.chess.com"]

[Event "Titled Tuesday Blitz June 15 2021"]
[White "Triapishko, Alexandr"]
[Black "Haykoooo0o"]
[WhiteFideId "14122286"]
[WhiteElo "2490"]
[BlackElo "2472"]
[Result "1-0"]
[Round "03"]
[TimeControl "180+1"]
[Date "2021.06.15"]
[WhiteClock "0:01:32"]
[BlackClock "0:00:53"]

1. d4 Nf6 2. Nf3 g6 3. c4 Bg7 4. Nc3 O-O 5. e4 d6 6. h3 e5 7. d5 Nh5 8. Nh2 Qe8 9. Be2 Nf4 10. Bf3 f5 11. g3 Nxh3 12. Bg2 f4 13. Nf3 fxg3 14. Bxh3 gxf2+ 15. Kxf2 Na6 16. Kg2 Nc5 17. Be3 a5 18. Bxc5 dxc5 19. Ng5 h6 20. Bxc8 Rxc8 21. Ne6 Qe7 22. Qg4 Rf6 23. Raf1 Re8 24. Rxf6 Qxf6 25. Rf1 h5 26. Rxf6 hxg4 27. Rxg6 Kf7 28. Rxg7+ 1-0


[Site "https://www.chess.com"]

[Event "Titled Tuesday Blitz June 15 2021"]
[White "Tristan, Leonardo"]
[Black "Michailov, Matias"]
[WhiteFideId "113816"]
[BlackFideId "3001571"]
[WhiteElo "2404"]
[BlackElo "2231"]
[Result "1-0"]
[Round "03"]
[TimeControl "180+1"]
[Date "2021.06.15"]
[WhiteClock "0:00:07"]
[BlackClock "0:00:08"]

1. d4 Nf6 2. Bf4 g6 3. e3 Bg7 4. Nf3 O-O 5. Be2 d6 6. O-O c5 7. c3 b6 8. h3 Bb7 9. Nbd2 a6 10. a4 Nbd7 11. Bh2 Rc8 12. Bd3 Re8 13. Qe2 Ra8 14. e4 e5 15. dxe5 dxe5 16. Nc4 Qc7 17. Rad1 Nh5 18. Qd2 Rad8 19. Ne3 Nf4 20. Bxf4 exf4 21. Nd5 Bxd5 22. exd5 c4 23. Bc2 Nc5 24. Rfe1 Rxe1+ 25. Rxe1 Bf6 26. Rd1 Rd6 27. Qxf4 Kg7 28. Qxc4 b5 29. axb5 axb5 30. Qb4 Ra6 31. h4 Nb7 32. h5 Nd6 33. Qf4 Qd8 34. h6+ Kg8 35. Re1 Kf8 36. g4 Nc4 37. g5 Be7 38. b3 Na3 39. Qd4 f6 40. Bd3 Rd6 41. c4 bxc4 42. bxc4 Kf7 43. Qa7 Rd7 44. Qa6 Bd6 45. c5 Bxc5 46. Qe6+ Kf8 47. gxf6 Rf7 48. Ng5 Rxf6 49. Nxh7# 1-0


[Site "https://www.chess.com"]

[Event "Titled Tuesday Blitz June 15 2021"]
[White "Tronenkovs, Valdis"]
[Black "Aitbayev, Aslan"]
[WhiteFideId "11601558"]
[BlackFideId "13704613"]
[WhiteElo "2232"]
[BlackElo "2417"]
[Result "0-1"]
[Round "03"]
[TimeControl "180+1"]
[Date "2021.06.15"]
[WhiteClock "0:00:05"]
[BlackClock "0:00:01"]

1. e4 d6 2. d4 Nf6 3. Nc3 g6 4. f4 Bg7 5. Nf3 O-O 6. Bd3 Nc6 7. e5 dxe5 8. dxe5 Nd5 9. Nxd5 Qxd5 10. Qe2 Bf5 11. Bxf5 gxf5 12. O-O Rad8 13. Be3 f6 14. exf6 Bxf6 15. c3 Qd3 16. Qxd3 Rxd3 17. Kf2 Rfd8 18. Ke2 Kf7 19. Nd4 Rxe3+ 20. Kxe3 Nxd4 21. cxd4 Rxd4 22. Rf2 Rb4 23. Rb1 Bd4+ 24. Kf3 Bxf2 25. Kxf2 Rxf4+ 26. Ke3 Rh4 27. h3 Re4+ 28. Kf3 h5 29. Rd1 Ke6 30. Rd8 Rb4 31. b3 a5 32. Rh8 h4 33. Rh6+ Kd7 34. Rh5 e6 35. Rh7+ Kd6 36. g3 hxg3 37. Kxg3 a4 38. bxa4 Rxa4 39. h4 Rxa2 40. h5 Ra4 41. Rg7 Ra8 42. Kf4 b5 43. Kg5 b4 44. h6 b3 45. h7 Rh8 46. Kh6 c5 47. Rd7+ Kxd7 0-1


[Site "https://www.chess.com"]

[Event "Titled Tuesday Blitz June 15 2021"]
[White "Turgut, Aydin"]
[Black "Niemann, Hans Moke"]
[WhiteFideId "2078791"]
[BlackFideId "2093596"]
[WhiteElo "2138"]
[BlackElo "2492"]
[Result "0-1"]
[Round "03"]
[TimeControl "180+1"]
[Date "2021.06.15"]
[WhiteClock "0:00:35"]
[BlackClock "0:02:01"]

1. e4 e5 2. Nf3 Nc6 3. Bc4 Nf6 4. d3 h6 5. O-O d6 6. c3 g5 7. Re1 g4 8. Nfd2 h5 9. Nf1 h4 10. Bg5 Be7 11. Ne3 g3 12. fxg3 hxg3 13. hxg3 Nh5 14. Qf3 Be6 15. Rf1 Bxg5 16. Nf5 Bxf5 17. Qxf5 Be3+ 18. Rf2 Bxf2+ 19. Qxf2 Qf6 20. Qe3 Qh6 21. Qf3 Qc1+ 22. Kf2 Qxb2+ 23. Ke3 O-O-O 0-1


[Site "https://www.chess.com"]

[Event "Titled Tuesday Blitz June 15 2021"]
[White "Ulziikhishigjargal, Ochirkhuyag"]
[Black "Nesterov, Arseniy"]
[WhiteFideId "4903188"]
[BlackFideId "24198455"]
[WhiteElo "1836"]
[BlackElo "2441"]
[Result "1-0"]
[Round "03"]
[TimeControl "180+1"]
[Date "2021.06.15"]
[WhiteClock "0:00:07"]
[BlackClock "0:01:02"]

1. d4 d5 2. Nf3 Nf6 3. Bf4 Bf5 4. e3 e6 5. Bd3 Bg6 6. O-O Bd6 7. Bg3 Ne4 8. Nbd2 Nxg3 9. hxg3 c5 10. Re1 O-O 11. Bxg6 hxg6 12. c3 Nc6 13. Qb3 Qb6 14. Qxb6 axb6 15. a3 e5 16. dxe5 Nxe5 17. Nxe5 Bxe5 18. Nf3 Bf6 19. Rad1 Rfd8 20. Rd2 Rd7 21. Red1 Rad8 22. e4 d4 23. e5 dxc3 24. bxc3 Rxd2 25. Rxd2 Rxd2 26. Nxd2 Bxe5 27. c4 Kf8 28. a4 Ke7 29. Kf1 f5 30. f4 Bf6 31. Ke2 g5 32. Nf3 g4 33. Nd2 Bc3 34. Nf1 Bd4 35. Ne3 Bxe3 36. Kxe3 Kd7 37. Kd3 Ke6 38. Ke3 Kf6 39. Kf2 g5 40. Ke2 Kg6 41. Kf2 Kh5 42. Ke3 gxf4+ 43. gxf4 g3 44. Kf3 Kh4 45. Ke2 Kg4 46. Ke3 Kh5 47. Ke2 Kh4 48. Kf3 Kh5 49. Kxg3 Kh6 50. Kh4 Kg6 51. g4 fxg4 52. Kxg4 Kf6 53. f5 Kf7 54. Kf4 Kf6 55. Ke4 Kf7 56. Ke5 Ke7 57. f6+ Kf7 58. Kf5 Kf8 59. Ke6 Ke8 60. Kd6 b5 61. axb5 Kf7 62. Kxc5 1-0


[Site "https://www.chess.com"]

[Event "Titled Tuesday Blitz June 15 2021"]
[White "Valdes Romero, Leonardo"]
[Black "Drygalov, Sergey"]
[WhiteFideId "6500331"]
[BlackFideId "24171743"]
[WhiteElo "2639"]
[BlackElo "2840"]
[Result "0-1"]
[Round "03"]
[TimeControl "180+1"]
[Date "2021.06.15"]
[WhiteClock "0:00:02"]
[BlackClock "0:00:13"]

1. Nf3 Nf6 2. g3 g6 3. d3 Bg7 4. Bg2 d5 5. O-O O-O 6. Nbd2 c5 7. e4 Nc6 8. Re1 e5 9. exd5 Nxd5 10. a3 f6 11. Rb1 Be6 12. Ne4 Qe7 13. c4 Nc7 14. b4 cxb4 15. axb4 Nxb4 16. Ba3 a5 17. Qa4 b5 18. cxb5 Ncd5 19. Rec1 Qa7 20. d4 exd4 21. Nc5 Bf5 22. Ra1 d3 23. Qb3 Kh8 24. Nh4 d2 25. Rc4 Rad8 26. Rd1 Nb6 27. Rf4 Bc2 28. Qf3 Bxd1 29. Qxd1 Qe7 30. Re4 Qxc5 0-1


[Site "https://www.chess.com"]

[Event "Titled Tuesday Blitz June 15 2021"]
[White "Vallejo Diaz, Javier"]
[Black "Rottenwohrer Suarez, Juan"]
[WhiteFideId "2256398"]
[BlackFideId "32068182"]
[WhiteElo "2693"]
[BlackElo "2188"]
[Result "0-1"]
[Round "03"]
[TimeControl "180+1"]
[Date "2021.06.15"]
[WhiteClock "0:00:47"]
[BlackClock "0:00:15"]

1. e4 c5 2. Nf3 g6 3. g3 Nc6 4. Bg2 Bg7 5. d3 Nf6 6. c3 O-O 7. O-O e5 8. Nbd2 Rb8 9. a4 a6 10. Nc4 d6 11. h3 b5 12. axb5 axb5 13. Ne3 b4 14. Nh4 Be6 15. c4 Nd4 16. Nc2 Nxc2 17. Qxc2 Nd7 18. b3 Ra8 19. Rxa8 Qxa8 20. f4 exf4 21. gxf4 Qd8 22. Nf3 Nb8 23. Ng5 Nc6 24. f5 Nd4 25. Qd1 gxf5 26. Qh5 h6 27. Nxe6 fxe6 28. Bxh6 Bxh6 29. Qxh6 Qf6 30. Qh5 f4 31. Bf3 Rf7 32. Bg4 f3 33. Kf2 Qf4 34. Qg6+ Kf8 35. Kg1 Qg3+ 0-1


[Site "https://www.chess.com"]

[Event "Titled Tuesday Blitz June 15 2021"]
[White "Viana Da Costa, Fernando"]
[Black "Timofeev, Artyom"]
[WhiteFideId "2111900"]
[BlackFideId "4140419"]
[WhiteElo "2247"]
[BlackElo "2582"]
[Result "0-1"]
[Round "03"]
[TimeControl "180+1"]
[Date "2021.06.15"]
[WhiteClock "0:00:01"]
[BlackClock "0:00:25"]

1. Nf3 Nf6 2. e3 b6 3. b3 Bb7 4. Bb2 g6 5. Bxf6 exf6 6. c4 f5 7. Nc3 Bg7 8. Rc1 O-O 9. g3 Nc6 10. Bg2 Nb4 11. d4 c5 12. O-O d6 13. a3 Nc6 14. Nd5 Re8 15. dxc5 dxc5 16. Qc2 Ne7 17. Nxe7+ Qxe7 18. Nd2 Rad8 19. Rfd1 Bc8 20. Nb1 Rxd1+ 21. Rxd1 Rd8 22. Bd5 Be6 23. Bf3 Rxd1+ 24. Qxd1 h5 25. h4 Qf6 26. Qc2 Qd8 27. Nc3 Qf6 28. Nd5 Qa1+ 29. Kg2 Qxa3 30. Nc7 Qb2 31. Qxb2 Bxb2 32. Nxe6 fxe6 33. Bc6 Kf7 34. Kf3 Kf6 35. Ke2 Bc3 36. f4 Ke7 37. Kf3 Be1 38. e4 fxe4+ 39. Bxe4 Kf6 40. Bc6 e5 41. Be4 exf4 42. Kxf4 Bd2+ 43. Kf3 a6 44. Bb7 a5 45. Be4 Bc3 46. Bd3 Be5 47. Be4 Bd6 48. Bd3 Kg7 49. Be4 Kh6 50. Bd3 g5 51. hxg5+ Kxg5 52. Be4 Kf6 53. Bc6 Ke5 54. Kg2 Kd4 55. Kh3 Kc3 56. Ba4 Be7 57. g4 h4 58. Kh2 Kb4 59. Kh3 Bg5 60. Kh2 b5 61. cxb5 c4 62. bxc4 Kxa4 63. b6 Kb4 64. b7 Bf4+ 65. Kh3 a4 0-1


[Site "https://www.chess.com"]

[Event "Titled Tuesday Blitz June 15 2021"]
[White "Vignesh, N R"]
[Black "Javakhadze, Zurab"]
[WhiteFideId "25012215"]
[BlackFideId "13603647"]
[WhiteElo "2401"]
[BlackElo "2381"]
[Result "1-0"]
[Round "03"]
[TimeControl "180+1"]
[Date "2021.06.15"]
[WhiteClock "0:01:38"]
[BlackClock "0:00:59"]

1. c4 e5 2. Nc3 Nc6 3. g3 Nf6 4. Bg2 Bc5 5. e3 O-O 6. Nge2 Re8 7. d3 Bf8 8. O-O Ne7 9. d4 Ng6 10. dxe5 Nxe5 11. b3 h5 12. h3 d6 13. f4 Ng6 14. e4 c6 15. Be3 a5 16. Qd2 Qc7 17. Rad1 Nd7 18. e5 dxe5 19. f5 Ne7 20. Ne4 Nf6 21. Nxf6+ gxf6 22. g4 hxg4 23. hxg4 e4 24. Nf4 b5 25. Nh5 Bg7 26. Bd4 Rd8 27. Nxg7 c5 28. Qh6 Rxd4 29. Nh5 1-0


[Site "https://www.chess.com"]

[Event "Titled Tuesday Blitz June 15 2021"]
[White "Vovk, Orest"]
[Black "Krivonosov, Oleg"]
[WhiteFideId "14113490"]
[BlackFideId "11600349"]
[WhiteElo "2203"]
[BlackElo "2469"]
[Result "0-1"]
[Round "03"]
[TimeControl "180+1"]
[Date "2021.06.15"]
[WhiteClock "0:00:02"]
[BlackClock "0:01:12"]

1. h3 d5 2. e4 dxe4 3. Nc3 Nf6 4. Qe2 Nc6 5. Nxe4 Nxe4 6. Qxe4 g6 7. Nf3 Bg7 8. Bb5 O-O 9. Bxc6 Bf5 10. Qd5 bxc6 11. Qxd8 Rfxd8 12. d3 c5 13. O-O c4 14. dxc4 Bxc2 15. Re1 e6 16. Bg5 Bxb2 17. Bxd8 Rxd8 18. Rab1 Bxb1 19. Rxb1 Ba3 20. Ne5 Bc5 21. Nf3 Bb6 22. Kf1 Rd3 23. Rb3 Rd1+ 24. Ke2 Rc1 25. Ne5 Rc2+ 26. Kd3 Rxa2 27. c5 Bxc5 28. Rb8+ Kg7 29. Rd8 Bd6 30. Ng4 h5 31. Ne3 Rxf2 32. g4 hxg4 33. hxg4 g5 34. Nc4 Rf4 35. Na5 Rxg4 36. Nc6 a6 37. Rd7 Rf4 38. Nd8 Kg6 39. Nb7 g4 40. Ke3 Rf5 41. Rd8 Kg7 42. Rc8 g3 43. Nxd6 cxd6 44. Rc4 Rg5 45. Rc1 g2 46. Rg1 f5 47. Rxg2 Rxg2 0-1


[Site "https://www.chess.com"]

[Event "Titled Tuesday Blitz June 15 2021"]
[White "Weetik, Vjacheslav"]
[Black "Navalgund, Niranjan"]
[WhiteFideId "4153472"]
[BlackFideId "5030854"]
[WhiteElo "2469"]
[BlackElo "2290"]
[Result "1-0"]
[Round "03"]
[TimeControl "180+1"]
[Date "2021.06.15"]
[WhiteClock "0:01:21"]
[BlackClock "0:01:20"]

1. e4 e5 2. Nf3 Nc6 3. Nc3 Nf6 4. Bb5 Bb4 5. O-O O-O 6. d3 d6 7. Ne2 Ne7 8. c3 Ba5 9. Ng3 Ng6 10. d4 Bb6 11. h3 Bd7 12. Bd3 Re8 13. Re1 Bc6 14. Be3 d5 15. dxe5 Nxe4 16. Bxb6 axb6 17. Nxe4 dxe4 18. Bxe4 Qxd1 19. Raxd1 Rxa2 20. Bxc6 bxc6 21. Rd7 Rxb2 22. Rxc7 c5 23. Ng5 Nxe5 24. Rxe5 Rf8 25. Ree7 h6 26. Nxf7 Kh7 27. f3 1-0


[Site "https://www.chess.com"]

[Event "Titled Tuesday Blitz June 15 2021"]
[White "Willow, Jonah B"]
[Black "Ljukin, Sergei"]
[WhiteFideId "438804"]
[BlackFideId "14102200"]
[WhiteElo "2261"]
[BlackElo "2309"]
[Result "1-0"]
[Round "03"]
[TimeControl "180+1"]
[Date "2021.06.15"]
[WhiteClock "0:01:37"]
[BlackClock "0:01:31"]

1. e4 e6 2. d4 d5 3. Nd2 Nf6 4. e5 Nfd7 5. c3 c5 6. f4 Nc6 7. Ndf3 Qb6 8. g3 cxd4 9. cxd4 f6 10. Ne2 Be7 11. Bh3 O-O 12. Bxe6+ Kh8 13. exf6 Nxf6 14. Bxc8 Raxc8 15. Kf2 Rfe8 16. Kg2 Ne4 17. Nc3 Bf6 18. Nxd5 Qb5 19. Nxf6 Nxf6 20. Re1 Qd5 21. Be3 Ng4 22. Bg1 Rxe1 23. Qxe1 Nxd4 24. Bxd4 Rc2+ 25. Kg1 h5 26. Qe8+ Kh7 27. Ng5+ 1-0


[Site "https://www.chess.com"]

[Event "Titled Tuesday Blitz June 15 2021"]
[White "Willychess95"]
[Black "Urazayev, Arystanbek"]
[BlackFideId "13709810"]
[WhiteElo "2573"]
[BlackElo "2321"]
[Result "0-1"]
[Round "03"]
[TimeControl "180+1"]
[Date "2021.06.15"]
[WhiteClock "0:00:03"]
[BlackClock "0:00:06"]

1. e4 c5 2. Nf3 e6 3. d4 cxd4 4. Nxd4 Nf6 5. Nc3 Nc6 6. Ndb5 Bc5 7. Be2 d6 8. Bf4 e5 9. Be3 Bxe3 10. fxe3 O-O 11. Qd2 Be6 12. O-O a6 13. Nxd6 b5 14. a3 Qe7 15. Nf5 Qc5 16. Bd3 Rfd8 17. Qe2 b4 18. axb4 Nxb4 19. Rad1 a5 20. Kh1 a4 21. Qf3 Bxf5 22. exf5 a3 23. Ne4 Nxe4 24. Bxe4 Rxd1 25. Qxd1 Ra7 26. bxa3 Rxa3 27. f6 gxf6 28. Qg4+ Kf8 29. Qf5 Ra6 30. Qxh7 Qxe3 31. Bf5 Nd5 32. Rb1 Rb6 33. Ra1 Ra6 34. Rb1 Qb6 35. Rd1 Qd4 36. Qh5 Ra1 0-1


[Site "https://www.chess.com"]

[Event "Titled Tuesday Blitz June 15 2021"]
[White "Yanchenko, Roman"]
[Black "Spata, German"]
[WhiteFideId "4137329"]
[BlackFideId "113026"]
[WhiteElo "2514"]
[BlackElo "2238"]
[Result "1-0"]
[Round "03"]
[TimeControl "180+1"]
[Date "2021.06.15"]
[WhiteClock "0:01:44"]
[BlackClock "0:00:15"]

1. d4 e6 2. c4 Nf6 3. Nf3 b6 4. Nc3 Bb7 5. Bf4 Bb4 6. Qb3 Bxc3+ 7. Qxc3 Ne4 8. Qc2 O-O 9. e3 d6 10. Bd3 f5 11. O-O Nd7 12. Rfd1 Qe7 13. Rac1 e5 14. dxe5 dxe5 15. Bg3 Nxg3 16. hxg3 e4 17. Be2 exf3 18. Bxf3 Bxf3 19. gxf3 Ne5 20. f4 Ng4 21. c5 g6 22. Qb3+ Qf7 23. Qa4 Nf6 24. b4 bxc5 25. Rxc5 a6 26. Rdc1 Ra7 27. Qa5 Rc8 28. b5 Ne4 29. Rc6 Raa8 30. b6 Rab8 31. Qxa6 Ra8 32. b7 1-0


[Site "https://www.chess.com"]

[Event "Titled Tuesday Blitz June 15 2021"]
[White "Yoo, Christopher Woojin"]
[Black "Matinian, Nikita"]
[WhiteFideId "30909694"]
[BlackFideId "24129100"]
[WhiteElo "2009"]
[BlackElo "2410"]
[Result "1-0"]
[Round "03"]
[TimeControl "180+1"]
[Date "2021.06.15"]
[WhiteClock "0:00:09"]
[BlackClock "0:00:03"]

1. e4 d6 2. d4 g6 3. g3 Bg7 4. Bg2 Nd7 5. Ne2 Ngf6 6. Nbc3 e5 7. O-O O-O 8. Re1 Re8 9. h3 exd4 10. Nxd4 Nc5 11. b3 c6 12. Bb2 a5 13. a3 Qc7 14. Qd2 Bd7 15. Rad1 b5 16. b4 axb4 17. axb4 Na4 18. Nxa4 bxa4 19. c4 a3 20. Ba1 c5 21. Nb5 Bxb5 22. cxb5 Rad8 23. Qc3 Qa7 24. bxc5 dxc5 25. e5 Rxd1 26. Rxd1 Nh5 27. Qb3 Bxe5 28. Bxe5 Rxe5 29. b6 Qb8 30. b7 Re7 31. Qxa3 Rxb7 32. Bxb7 Qxb7 33. Qxc5 Kg7 34. Qe5+ Nf6 35. Rd6 Qb1+ 36. Kh2 Qf5 37. Qxf5 gxf5 38. Kg2 Ne4 39. Rc6 h6 40. h4 Nf6 41. Kf3 Nh5 42. Ke3 Kh7 43. Kd4 1-0


[Site "https://www.chess.com"]

[Event "Titled Tuesday Blitz June 15 2021"]
[White "Zhigalko, Sergei"]
[Black "Aradhya, Garg"]
[WhiteFideId "13502956"]
[BlackFideId "25006746"]
[WhiteElo "2662"]
[BlackElo "2146"]
[Result "1-0"]
[Round "03"]
[TimeControl "180+1"]
[Date "2021.06.15"]
[WhiteClock "0:00:12"]
[BlackClock "0:00:13"]

1. e4 e5 2. Nf3 Nc6 3. Bc4 Bc5 4. b4 Bxb4 5. c3 Be7 6. d4 Na5 7. Bd3 d6 8. dxe5 dxe5 9. Nxe5 Nf6 10. Qc2 O-O 11. O-O Bd6 12. Nf3 Nc6 13. Bg5 h6 14. Bh4 Re8 15. Nbd2 g5 16. Bg3 Bxg3 17. hxg3 Qe7 18. Rfe1 Ne5 19. Nxe5 Qxe5 20. Nf3 Qc5 21. Nd4 Bd7 22. Qb3 a5 23. Rad1 a4 24. Qc2 Be6 25. Rb1 b6 26. Rb5 Qe7 27. e5 Nd7 28. Be4 Rac8 29. Bb7 Nc5 30. Bxc8 Bxc8 31. Rbb1 Qd7 32. e6 Nxe6 33. Nxe6 Rxe6 34. Rxe6 Qxe6 35. Qxa4 Bb7 36. Qd4 Qxa2 37. Re1 Qd5 38. Re8+ Kh7 39. Qh8+ Kg6 40. f3 Qd1+ 41. Kh2 Bxf3 42. Qg8+ Kf6 43. Qh8+ Kg6 44. Rg8+ Kh5 45. Qf6 Be4 46. Qxf7+ Kg4 47. Qe6+ Bf5 48. Qe3 Qf1 49. Rf8 Kh5 50. Qf3+ Qxf3 51. gxf3 Kg6 52. Rd8 Be6 53. Re8 Kf7 54. Rh8 Kg7 55. Rb8 Bd5 56. Rc8 c6 57. Rd8 b5 58. Rd6 Bxf3 59. Kg1 Bd5 60. Kf2 h5 61. Ke3 h4 62. gxh4 gxh4 63. Kf4 Kf7 64. Kg4 Ke7 65. Rh6 Be6+ 66. Kxh4 Kd6 67. Kg3 Kd5 68. Kf4 Bd7 69. Ke3 Kc4 70. Kd2 c5 71. Rh4+ Kd5 72. Rh5+ Kc4 73. Rh4+ Kd5 74. Rh7 Bf5 75. Rh5 Ke5 76. Ke3 b4 77. c4 b3 78. Rh2 Bc2 79. Kd2 Kd4 80. Rh4+ Be4 81. Kc1 Ke5 82. Kb2 Bc2 83. Kc3 Bd1 84. Rh6 Bc2 85. Rc6 Ke4 86. Rxc5 Ke3 87. Rb5 Ke2 88. Rxb3 Bxb3 89. Kxb3 Kd3 90. c5 Kd4 91. c6 Kc5 92. c7 Kb6 93. c8=Q Ka7 94. Qc4 Kb6 95. Qb4+ Ka7 96. Kc4 Ka8 97. Kc5 Ka7 98. Kc6 1-0


[Site "https://www.chess.com"]

[Event "Titled Tuesday Blitz June 15 2021"]
[White "Zhukova, Natalia"]
[Black "Jarovinsky, Alexey"]
[WhiteFideId "14101513"]
[BlackFideId "14115131"]
[WhiteElo "2369"]
[BlackElo "2446"]
[Result "0-1"]
[Round "03"]
[TimeControl "180+1"]
[Date "2021.06.15"]
[WhiteClock "0:01:11"]
[BlackClock "0:01:25"]

1. c4 Nc6 2. Nf3 e5 3. Nc3 Bb4 4. Nd5 e4 5. Nxb4 Nxb4 6. Nd4 Nf6 7. g3 O-O 8. Bg2 d5 9. cxd5 Qxd5 10. Nc2 Nxa2 11. O-O Nxc1 12. Qxc1 c6 13. Ne3 Qh5 14. Qc4 Bh3 15. b4 a6 16. Ra5 Qh6 17. Rfa1 Bxg2 18. Kxg2 Rad8 19. Nf5 Qxd2 20. Ne7+ Kh8 21. R5a2 Qd4 22. Qb3 Qe5 23. Ra5 Qxe7 0-1


[Site "https://www.chess.com"]

[Event "Titled Tuesday Blitz June 15 2021"]
[White "Aditya Mittal"]
[Black "Shevchenko, Kirill"]
[WhiteFideId "35042025"]
[BlackFideId "14129574"]
[WhiteElo "2689"]
[BlackElo "2873"]
[Result "0-1"]
[Round "04"]
[TimeControl "180+1"]
[Date "2021.06.15"]
[WhiteClock "0:00:03"]
[BlackClock "0:00:08"]

1. Nf3 Nf6 2. g3 g6 3. Bg2 Bg7 4. O-O O-O 5. c4 Nc6 6. d4 d5 7. cxd5 Nxd5 8. e4 Nb6 9. d5 Na5 10. Qc2 c6 11. Bd2 Nac4 12. Bc3 cxd5 13. Bxg7 Kxg7 14. exd5 Bf5 15. Qc3+ Kg8 16. Nd4 Bxb1 17. Raxb1 Rc8 18. Rfd1 Nxd5 19. Qb3 Ncb6 20. Nb5 Rc5 21. Nxa7 Qd7 22. a4 Ra8 23. Nb5 Rxa4 24. Nc3 Rb4 25. Qxb4 Nxb4 26. Rxd7 Nxd7 27. Bxb7 Ne5 28. Be4 Nc4 29. Kg2 f5 30. Bf3 Kg7 31. Re1 e5 32. Na4 Ra5 33. b3 Nd2 34. Bd1 e4 35. Re2 Nf3 36. Re3 Nd5 37. Re2 Ra7 38. h3 Rc7 39. Rb2 Ne1+ 40. Kf1 Nd3 41. Rb1 e3 42. fxe3 Re7 43. Be2 Nxe3+ 44. Kg1 Nb4 45. Bc4 Rc7 46. Nc3 Nxc4 47. bxc4 Rxc4 48. Ne2 Nd5 49. Rd1 Rc5 50. Kf2 Kf6 51. Kf3 Ke5 52. Rd3 Rc2 53. Rb3 g5 54. g4 f4 55. Ra3 Rd2 56. Rb3 h6 57. Ra3 Rd1 58. Kf2 Rh1 59. Ng1 Rh2+ 60. Kf1 Ne3+ 61. Rxe3+ fxe3 62. Nf3+ Kf4 63. Nxh2 Kg3 64. Ke2 Kxh2 65. Kxe3 Kxh3 66. Kf3 Kh4 0-1


[Site "https://www.chess.com"]